AoeStats
← Sacresh Martire

Black Forest

510174075Analyzed
4v4 RM · 1d ago on Sep 29, 2026· 36m 26s· 8 players
Game mode
Random Map
Map size
Large (8 player)
Population
200
Speed
Normal
Resources
Standard
Victory
Conquest
Starting age
Dark Age
Ending age
Imperial Age
RankedLock teamsTeams togetherTeam positionsShared explorationLock speedFull tech treeHidden civsTurbo modeCheats
Victory
Defeat
🇦🇷 Burgundians · Argentina
883
+15
🇮🇹 Mongols · Italy
883
+15
🇫🇷 Magyars · France
875
+15
🇨🇳 Japanese · China
834
+17
🇺🇸 Burmese · United States
910
-17
🇬🇧 Varangians · United Kingdom
895
-17
🇬🇧 Malay · United Kingdom
860
-16
🇸🇪 Khmer · Sweden
776
-12
TornBee2533810
1:31 Loom
12:11 Feudal Age
13:57 Double-Bit Axe
22:42 Castle Age
27:57 Forging
CubanRuben42
0:29 Loom
16:42 Feudal Age
21:35 Castle Age
20:36 Horse Collar
20:51 Gold Mining
32:14 Fletching
32:24 Padded Archer Armor
R Costello
0:32 Loom
10:56 Feudal Age
11:51 Double-Bit Axe
19:18 Castle Age
17:47 Horse Collar
18:18 Scale Mail Armor
20:27 Forging
20:57 Gambesons
21:15 Gold Mining
22:06 Arson
24:08 Squires
29:24 Wheelbarrow
29:07 Stone Mining
uT Thorn
0:27 Loom
13:39 Feudal Age
18:51 Castle Age
16:45 Horse Collar
17:09 Gold Mining
24:12 Crossbowman
29:09 Heavy Plow
30:45 Husbandry
33:24 Wheelbarrow
32:35 Town Watch
Silradi
0:41 Loom
11:17 Feudal Age
13:20 Double-Bit Axe
13:18 Horse Collar
23:28 Castle Age
38:06 Imperial Age
36:43 Fishing Lines
Sacresh Martire
0:58 Loom
14:11 Feudal Age
14:45 Double-Bit Axe
16:27 Man-at-Arms
20:56 Castle Age
19:11 Fletching
20:01 Fishing Lines
20:16 Fishing Lines
23:11 Crossbowman
24:32 Gillnets
25:43 Stone Mining
30:35 Forging
30:31 Scale Barding Armor
31:02 Husbandry
32:40 Stone Shaft Mining
31:56 Gold Mining
33:42 Bloodlines
32:52 Light Cavalry
38:38 Imperial Age
ADORNI
1:36 Loom
10:20 Double-Bit Axe
12:54 Feudal Age
12:42 Horse Collar
12:47 Fishing Lines
13:11 Gold Mining
17:57 Bow Saw
18:53 Heavy Plow
20:56 Castle Age
19:38 Wheelbarrow
20:01 Gold Shaft Mining
19:49 Gillnets
23:09 Castle Age
22:52 Stone Mining
23:38 Scale Mail Armor
23:50 Forging
24:39 Squires
24:26 Arson
25:22 Chain Mail Armor
26:39 Iron Casting
26:39 Hand Cart
26:53 Town Watch
27:33 Light Cavalry
33:51 Imperial Age
35:54 Two-Man Saw
34:54 Capped Ram
36:10 Plate Mail Armor
36:47 Blast Furnace
36:19 Crop Rotation
36:36 Stone Shaft Mining
小菜机
11:44 Feudal Age
15:59 Castle Age
14:06 Fishing Lines
14:14 Double-Bit Axe
23:37 Bow Saw
26:18 Squires
26:37 Forging
26:28 Scale Mail Armor
26:22 Pikeman
27:02 Gillnets
29:43 Wheelbarrow
30:49 Ballistics
33:02 Imperial Age
30:29 Crossbowman
33:32 Thumb Ring
34:56 Chemistry
34:37 Iron Casting
34:18 Chain Mail Armor
33:54 Fletching
34:04 Padded Archer Armor
34:16 Elite Samurai
35:19 Kataparuto
35:31 Hand Cart
Connection lost

Rejoining the realm…

Still unreachable

The connection could not be restored.

Session expired

The server has moved on; the page needs a fresh start.